 Dungeon Crawl Stone Soup version 0.28.0-45-g0d030f2227 (webtiles) character file.

Game seed: 16177752407645105733

3230 Hrothgar the Chopper (level 9, 0/75 HPs)
             Began as a Grey Draconian Berserker on Apr 16, 2022.
             Was a Priest of Trog.
             Succumbed to a water moccasin's poison
             ... on level 7 of the Dungeon.
             The game lasted 00:43:47 (6495 turns).

Hrothgar the Chopper (Grey Draconian Berserker)     Turns: 6495, Time: 00:43:47

Health: 0/75       AC: 22    Str: 18 (19) XL:     9   Next: 66%
Magic:  9/9        EV: 15    Int:  6 (8)  God:    Trog [***...]
Gold:   337        SH:  5    Dex: 14 (15) Spells: 8/8 levels left

rFire   + . .      SeeInvis .   t - +3 quarterstaff (chaos)
rCold   x . .      Faith    .   (shield currently unavailable)
rNeg    . . .      Spirit   .   (armour unavailable)
rPois   .          Reflect  +   (helmet restricted)
rElec   .          Harm     .   u - +2 cloak
rCorr   .          Rampage  .   g - +2 pair of gloves
Will    .....                   (no boots)
Stlth   +++.......              h - amulet of reflection
HPRegen 0.22/turn               b - +4 ring of protection
MPRegen 0.11/turn               q - ring of fire

@: brilliant, lethally poisoned (0 -> -5), on berserk cooldown, studying Dodging
A: AC +12, amphibious, unfitting armour, cold-blooded
a: Renounce Religion, Berserk, Trog's Hand


You were on level 7 of the Dungeon.
You worshipped Trog.
Trog was most pleased with you.
You visited 1 branch of the dungeon, and saw 7 of its levels.
You also visited: Sewer.

You collected 337 gold pieces.

Inventory:

Hand Weapons
 r - a +0 hand crossbow
 t - a +3 quarterstaff of chaos (weapon)
Missiles
 e - a poisoned dart
 k - 4 atropa-tipped darts (quivered)
 p - 45 bolts
Armour
 g - a +2 pair of gloves (worn)
 u - a +2 cloak (worn)
Jewellery
 b - a +4 ring of protection (left hand)
 h - an amulet of reflection (around neck)
 j - a ring of flight
 q - a ring of fire (right hand)
 y - an amulet of guardian spirit
 A - a ring of ice
Scrolls
 i - 3 scrolls of enchant armour
 m - a scroll of fog
 v - a scroll of teleportation
 w - a scroll of blinking
 x - a scroll of amnesia {unknown}
 D - a scroll of enchant weapon
Potions
 a - a potion of magic
 d - a potion of resistance
 f - a potion of might {unknown}
 l - 2 potions of berserk rage
 o - a potion of degeneration
 s - a potion of curing {unknown}
 z - a potion of heal wounds {unknown}
 C - a potion of invisibility {unknown}


   Skills:
 * Level 6.2 Fighting
 * Level 7.8(8.0) Axes
 * Level 1.9(5.4) Polearms
 + Level 1.8(2.2) Staves
 * Level 4.4 Crossbows
 * Level 3.4 Throwing
 * Level 7.0 Dodging
 * Level 4.3 Stealth
 + Level 2.0 Shields


You had 8 spell levels left.
You didn't know any spells.
Your spell library was empty.

Dungeon Overview and Level Annotations

Branches:
Dungeon (7/15)              Sewer (visited)
 Temple: D:4-7

Altars:
Makhleb
Sif Muna


Innate Abilities, Weirdness & Mutations

Your dull iron-grey scales are very hard. (AC +12)
You are amphibious.
You cannot fit into any form of body armour.
You are cold-blooded and may be slowed by cold attacks.


Message History

You block the wyvern zombie's attack.
You hit the water moccasin.
The water moccasin is severely wounded.
You feel very sick. The water moccasin bites you.
You are more poisoned.
The water moccasin poisons you! The water moccasin closely misses you.
The wyvern zombie closely misses you.
The water moccasin bites you but does no damage.
The wyvern zombie closely misses you.
You sock the water moccasin!
Lightning courses through the water moccasin!
You kill the water moccasin!
Trog accepts your kill.
You feel very sick. The wyvern zombie bites you.
Your Dodging skill increases to level 7!
It was a potion of magic.
Magic courses through your body.
You feel very sick. The wyvern zombie barely misses you.
It was a potion of resistance.
You feel protected.
You feel very sick. The wyvern zombie bites you.
* * * LOW HITPOINT WARNING * * *
You block the wyvern zombie's attack.
It was a potion of cancellation.
Your magical effects are unravelling.
You feel magically purged.
Your resistance to elements expires.
You feel sick. The wyvern zombie bites you!
* * * LOW HITPOINT WARNING * * *
It was a potion of degeneration.
There was something very wrong with that liquid.
You feel weakened.
You feel dopey.
You feel clumsy.
* * * LOW HITPOINT WARNING * * *
You feel sick. The wyvern zombie barely misses you.
It was a potion of brilliance.
You feel clever all of a sudden.
You die...

≈≈≈≈≈≈≈≈≈≈.....#####
≈≈≈≈≈≈≈≈≈≈#........
≈≈≈≈≈≈≈≈≈. .......
.........##/.#... .
......(......... ..
#......<....#.# ..
#.....!..####.##########.##
#..>..!....@Z.............##
#.......(############<.....#
#.....$..# ######.#
#....##### #.... #####


You could see a wyvern zombie.

Vanquished Creatures
  A two-headed ogre (D:4)
  The ghost of nickcage the Firebug, a novice DsFE (D:5)
  Grinder (D:4)
  2 water moccasins (D:7)
  4 ice beasts
  A black bear (D:5)
  A necrophage (D:4)
  3 ogres
  A phantom (D:4)
  3 bullfrogs
  A howler monkey (D:5)
  A jelly (D:6)
  Crazy Yiuf (D:4)
  A bullfrog zombie (D:5)
  An orc priest (D:6)
  A hound (D:4)
  3 iron imps (D:4)
  A bullfrog skeleton (D:6)
  5 orc wizards
  An iguana (D:5)
  2 hound skeletons (D:4)
  3 howler monkey skeletons
  11 adders
  4 gnolls
  A shadow imp (D:4)
  A white imp (D:5)
  3 ufetubi
  An adder zombie (D:5)
  3 adder skeletons
  A worm (D:3)
  3 dart slugs
  15 orcs
  18 ball pythons
  18 endoplasms
  15 giant cockroaches
  11 goblins
  7 hobgoblins
  4 jackals (D:3)
  13 quokkas
  4 bats (D:1)
  8 frilled lizards
  8 kobolds
  6 rats
194 creatures vanquished.

Notes
Turn   | Place    | Note
-------+----------+-------------------------------------------
     0 | D:1      | Hrothgar the Draconian Berserker began the quest for the
                  | Orb.
     0 | D:1      | Reached XP level 1. HP: 19/19 MP: 1/1
    59 | D:1      | Reached XP level 2. HP: 24/26 MP: 2/2
   603 | D:1      | Reached XP level 3. HP: 33/33 MP: 3/3
   933 | D:2      | Reached ** piety under Trog
  1270 | D:2      | Found a shimmering blue altar of Sif Muna.
  1842 | D:3      | Reached skill level 1 in Stealth
  1846 | D:3      | Reached XP level 4. HP: 40/40 MP: 4/4
  1944 | D:3      | Reached XP level 5. HP: 23/46 MP: 5/5
  2197 | D:3      | Reached skill level 1 in Throwing
  2823 | D:4      | Noticed a necrophage
  2834 | D:4      | Noticed an ogre
  2834 | D:4      | Noticed a two-headed ogre
  2929 | D:4      | Killed an ogre
  2930 | D:4      | Reached XP level 6. HP: 53/53 MP: 6/6
  3003 | D:4      | Reached skill level 5 in Axes
  3114 | D:4      | Noticed Grinder
  3129 | D:4      | Killed Grinder
  3130 | D:4      | Reached skill level 1 in Shields
  3130 | D:4      | Your scales start taking on a dull iron-grey colour.
  3130 | D:4      | Reached XP level 7. HP: 49/60 MP: 7/7
  3453 | D:4      | Reached skill level 1 in Crossbows
  3591 | D:4      | Killed a two-headed ogre
  3592 | D:4      | Reached skill level 5 in Fighting
  3592 | D:4      | Reached skill level 5 in Dodging
  3592 | D:4      | Reached XP level 8. HP: 68/68 MP: 8/8
  3635 | D:4      | Found a burning altar of Makhleb.
  3757 | D:4      | Found a runed translucent door.
  3758 | D:4      | Noticed Crazy Yiuf
  3766 | D:4      | Killed Crazy Yiuf
  3968 | D:5      | Entered Level 5 of the Dungeon
  3981 | D:5      | Found a runed translucent door.
  3982 | D:5      | Noticed nickcage's ghost (novice DsFE)
  4262 | D:5      | Reached *** piety under Trog
  4264 | D:5      | Found a glowing drain.
  4272 | Sewer    | Entered a sewer
  4636 | Sewer    | Reached XP level 9. HP: 75/75 MP: 9/9
  4808 | D:5      | Reached skill level 1 in Polearms
  4808 | D:5      | Reached skill level 1 in Staves
  5842 | D:5      | Killed nickcage's ghost
  6493 | D:7      | HP: 3/75 [wyvern zombie (8)]
  6494 | D:7      | HP: 1/75 [poisoned by a water moccasin]
  6495 | D:7      | Succumbed to a water moccasin's poison

Illustrated notes

Levels and vault maps discovered:
D:1:      minmay_arrival_loop, layout_basic, moated_statue, st_stairs_9
D:2:      layout_loops_ring, basic_altar, minivault_5
D:3:      layout_basic
D:4:      minmay_clustersquares, layout_basic, demons_altar, uniq_grinder,
          uniq_crazy_yiuf_cottage
D:5:      layout_loops_ring, ebering_ghost_reflecting_pool, gup_sewer_entry_pipe
D:6:      layout_basic
D:7:      layout_basic, minmay_temple_entry_drinking_statues,
          nicolae_island_escapes

Skill      XL: |  1  2  3  4  5  6  7  8  9 |
---------------+----------------------------+-----
Dodging        | 3 4 5 6 7 |  7.0
Stealth        | 1 2 3 4 |  4.3
Fighting       | 4 5 6 |  6.2
Axes           | 4 5 7 |  7.8
Throwing       | 1 2 3 |  3.4
Shields        | 1 2 |  2.0
Crossbows      | 1 2 4 |  4.4
Polearms       | 1 |  1.9
Staves         | 1 |  1.8

Action                   |  1- 3 |  4- 6 |  7- 9 || total
-------------------------+-------+-------+-------++-------
Melee: Hand axe          |   118 |   115 |    65 ||   298
       Tailslap          |     8 |    14 |    19 ||    41
       Punch             |     1 |       |     2 ||     3
       Quarterstaff      |       |       |   126 ||   126
 Fire: Hand crossbow     |       |       |   109 ||   109
Throw: Dart              |    20 |    16 |    19 ||    55
Invok: Berserk           |       |     7 |    22 ||    29
       Trog's Hand       |       |     1 |       ||     1
  Use: Scroll            |     2 |     3 |     2 ||     7
       Potion            |       |       |     7 ||     7
 Stab: Sleeping          |     3 |       |     2 ||     5
       Invisible         |     1 |     2 |       ||     3
Armor: Skin              |    45 |    64 |   106 ||   215
Dodge: Dodged            |    69 |    59 |   216 ||   344
Block: Other             |    12 |    32 |    72 ||   116
